 Dungeon Crawl Stone Soup version 0.26.1 (webtiles) character file.

Game seed: 1500364520593027109

222 growler the Gusty (level 5, 0/28 HPs)
             Began as a Tengu Air Elementalist on Feb 4, 2021.
             Slain by an orc
             ... wielding a +0 mace
              (6 damage)
             ... on level 3 of the Dungeon.
             The game lasted 00:06:33 (3713 turns).

growler the Gusty (Tengu Air Elementalist)          Turns: 3713, Time: 00:06:34

Health: 0/28       AC:  2    Str:  8    XL:     5   Next: 99%
Magic:  0/11       EV: 15    Int: 16    God:
Gold:   134        SH:  0    Dex: 15    Spells: 1/11 levels left

rFire    . . .     SeeInvis .   h - +0 dagger
rCold    . . .     Faith    .   (no shield)
rNeg     . . .     Spirit   .   a - +0 robe
rPois    .         Reflect  .   (helmet restricted)
rElec    .         Harm     .   (no cloak)
rCorr    .         Rampage  .   (no gloves)
Will     .....                  (boots unavailable)
Stlth    ++........             (no amulet)
HPRegen  0.09/turn              (no ring)
MPRegen  0.12/turn              (no ring)

@: flying quickly and evasively, very slightly contaminated, quick
A: beak, talons 3, able to fly
a: Stop Flying


You were on level 3 of the Dungeon.
You visited 1 branch of the dungeon, and saw 3 of its levels.

You collected 134 gold pieces.

Inventory:

Hand Weapons
 g - a +0 hand axe
   (You found it on level 1 of the Dungeon)
 h - a +0 dagger (weapon)
   (You took it off a kobold on level 1 of the Dungeon)
Armour
 a - a +0 robe (worn)
Jewellery
 b - an uncursed amulet of magic regeneration {unknown}
   (You found it on level 1 of the Dungeon)
 q - a +6 ring of dexterity {unknown}
   (You found it on level 3 of the Dungeon)
Scrolls
 e - 2 scrolls of fear {unknown}
 j - 4 scrolls of identify {unknown}
 l - a scroll of fog {unknown}
 m - a scroll of enchant armour {unknown}
 n - a scroll of random uselessness {unknown}
 r - a scroll of remove curse {unknown}
 s - a scroll of noise {unknown}
Potions
 c - a potion of brilliance {unknown}
 d - a potion of haste {unknown}
 f - a potion of invisibility {unknown}
 i - 2 potions of degeneration {unknown}
 k - a potion of might {unknown}
 o - a potion of curing {unknown}
 p - a potion of berserk rage {unknown}


   Skills:
 - Level 2.1 Dodging
 - Level 2.0 Stealth
 + Level 3.5 Spellcasting
 + Level 4.3 Conjurations
 + Level 5.9 Air Magic


You had one spell level left.
You knew the following spells:

 Your Spells              Type           Power        Failure   Level
a - Shock                 Conj/Air       76%          2%          1
b - Airstrike             Air            10%          16%         4
d - Static Discharge      Conj/Air       19%          6%          3
s - Swiftness             Air            21%          2%          2

Your spell library contained the following spells:

 Spells                   Type           Power        Failure   Level
 Lightning Bolt           Conj/Air       9%           52%         5


Dungeon Overview and Level Annotations

Branches:
Dungeon (3/15)

Altars:
Trog


Innate Abilities, Weirdness & Mutations

You have a beak for a mouth.
You have claws for feet.
You can fly continuously.


Message History

Aim: an orc wizard, wielding a +0 dagger and wearing a +0 robe (wandering, hasn't noticed you, 36% to evade)
The zap hits the orc wizard.
The orc wizard shouts!
You hear a shout! x2
A ball python comes into view.
Aim: an orc wizard, wielding a +0 dagger and wearing a +0 robe (lightly wounded, 36% to evade)
The zap hits the orc wizard!
The ball python hisses angrily.
An orc comes into view. It is wielding a +0 hand axe.
Aim: an orc wizard, wielding a +0 dagger and wearing a +0 robe (severely wounded, 36% to evade)
The zap hits the orc wizard.
The zap misses the orc.
You hear a shout!
An orc comes into view. It is wielding a +0 mace.
A dart slug comes into view.
Aim: an orc wizard, wielding a +0 dagger and wearing a +0 robe (almost dead, 36% to evade)
You miscast Shock.
You are very lightly contaminated with residual magic.
Nothing appears to happen.
Aim: an orc wizard, wielding a +0 dagger and wearing a +0 robe (almost dead, 36% to evade)
The zap misses the orc wizard.
The zap hits the ball python!
You kill the ball python!
A kobold comes into view.
An orc comes into view. It is wielding a +0 club.
Aim: an orc wizard, wielding a +0 dagger and wearing a +0 robe (almost dead, 36% to evade)
The zap hits the orc wizard.
You kill the orc wizard!
The zap hits the orc.
You kill the orc!
The zap hits the kobold.
Things that are here:
a +0 dagger; a +0 robe An orc wizard comes into view.
It is wielding a -2 dagger and wearing a +0 robe of willpower.
The orc barely misses you.
You closely miss the orc. You claw the orc. The orc hits you with a +0 mace.
The spell is quite dangerous to cast (6% risk of failure)!
Continue anyway?
The orc is struck by an arc of lightning.
The lightning grounds out.
The orc hits you with a +0 club. The dart slug closely misses you.
You closely miss the orc. The orc hits you with a +0 mace!
* * * LOW HITPOINT WARNING * * *
The orc barely misses you.
Your magical contamination has completely faded away.
The spell is quite dangerous to cast (6% risk of failure)!
Continue anyway?
You miscast Static Discharge.
You are very lightly contaminated with residual magic.
Nothing appears to happen.
The dart slug launches a dart at you. The slug dart hits you.
* * * LOW HITPOINT WARNING * * *
The orc hits you with a +0 mace.
You die...

.........#. ....
..)........ #..#
.....##### ...## .....#
#...# # ##.#.######
#...#.# . ..........#
#...#.##..
##......#.#####.........
####.##.#.#....).w).....
. #.##.........@oK.....
........#.#......o......
####......#####.........
####.### #...#####. #.#
o...# #.# #.....# ..#
#.###.# .## .. .#


You could see an orc wizard, a dart slug, 2 orcs and a kobold.

Vanquished Creatures
  2 orc wizards (D:3)
  7 adders
  2 oozes
  2 worms (D:2)
  A dart slug (D:1)
  3 leopard geckos
  4 orcs (D:3)
  2 ball pythons
  11 bats
  6 giant cockroaches
  7 goblins
  11 hobgoblins
  3 jackals (D:3)
  8 kobolds
  3 frilled lizards
  6 rats
78 creatures vanquished.

Notes
Turn   | Place    | Note
-------+----------+-------------------------------------------
     0 | D:1      | growler the Tengu Air Elementalist began the quest for the
                  | Orb.
     0 | D:1      | Reached XP level 1. HP: 10/10 MP: 4/4
   209 | D:1      | Reached XP level 2. HP: 15/15 MP: 4/6
   641 | D:1      | Reached XP level 3. HP: 19/19 MP: 5/7
  1733 | D:2      | Found a bloodstained altar of Trog.
  1883 | D:2      | Reached XP level 4. HP: 17/24 MP: 6/9
  1884 | D:2      | Reached skill level 5 in Air Magic
  2259 | D:2      | Found a faded altar of an unknown god.
  3043 | D:2      | Gained mutation: You can fly continuously. [Tengu growth]
  3043 | D:2      | Reached XP level 5. HP: 28/28 MP: 6/10
  3048 | D:2      | Learned a level 2 spell: Swiftness
  3052 | D:2      | Learned a level 3 spell: Static Discharge
  3057 | D:2      | Learned a level 4 spell: Airstrike
  3713 | D:3      | Slain by an orc

Illustrated notes

Levels and vault maps discovered:
D:1:      minmay_arrival_open_corners, layout_loops_ring
D:2:      layout_basic, nicolae_overflow_crystal_walls,
          chequers_ecumenical_altar_twisty
D:3:      cheibrodos_helix_gallery, layout_loops_cross

Skill      XL: |  1  2  3  4  5 |
---------------+----------------+-----
Conjurations   | 2 3 4 |  4.3
Air Magic      | 5 |  5.9
Spellcasting   | 3 |  3.5
Dodging        | |  2.1
Stealth        | |  2.0

Action                   |  1- 3 |  4- 6 || total
-------------------------+-------+-------++-------
Melee: Hand axe          |    10 |       ||    10
       Unarmed           |     3 |       ||     3
       Kick              |    11 |     5 ||    16
       Dagger            |    45 |    27 ||    72
       Peck              |     8 |     4 ||    12
 Cast: Shock             |    64 |    81 ||   145
       Static Discharge  |       |     1 ||     1
 Abil: Fly               |       |     1 ||     1
Armor: Robe              |    13 |     4 ||    17
Dodge: Dodged            |    36 |    39 ||    75
